 Dungeon Sprint DCSS version 0.21.2 (webtiles) character file.

28164 Fang the Executioner (level 13, -17/145 HPs)
             Began as a Gargoyle Berserker on Jan 23, 2019.
             Was the Champion of Trog.
             Demolished by an alligator snapping turtle (18 damage)
             ... in the Dungeon (Sprint VII: "The Pits").
             The game lasted 00:08:43 (3839 turns).

Fang the Executioner (Gargoyle Berserker)           Turns: 3839, Time: 00:08:43

Health: -17/145    AC: 19    Str: 35    XL:     13   Next: 37%
Magic:  13/13      EV: 15    Int: 10    God:    Trog [******]
Gold:   20         SH:  0    Dex: 12    Spells: 12/12 levels left

rFire    . . .     SeeInvis +   n - +1 executioner's axe (chop)
rCold    . . .     Gourm    .   (shield currently unavailable)
rNeg     + . .     Faith    .   K - +1 ring mail "Mykecset" {rPois Str+3 SInv}
rPois    ∞         Spirit   .   (no helmet)
rElec    +         Reflect  .   (no cloak)
rCorr    .         Harm     .   (no gloves)
MR       .....     NoTele   +   (no boots)
Stlth    ..........             (no amulet)
HPRegen  0.34/turn              o - +3 ring of intelligence
MPRegen  0.13/turn              r - +3 ring of dexterity

@: berserking, glowing, very quick
A: negative energy resistance 1, electricity resistance, unbreathing,
petrification resistance, rot immunity, AC +9
a: Berserk, Trog's Hand, Brothers in Arms, Burn Spellbooks, Renounce Religion


You were in the Dungeon.
You worshipped Trog.
Trog was exalted by your worship.
You were near starving.

You visited 1 branch You collected 20 gold pieces.

Inventory:

Hand Weapons
 b - a +6 battleaxe of flaming
 j - a +4 battleaxe of venom
 n - a +1 executioner's axe of chopping (weapon)
 p - a +3 battleaxe of venom
 t - a +1 broad axe of freezing
 D - a +3 antimagic executioner's axe
 G - a +4 battleaxe of draining
Armour
 u - a +3 plate armour
 K - the +1 ring mail "Mykecset" (worn) {rPois Str+3 SInv}
   (You found it in the Dungeon)

   It affects your strength (+3).
   It protects you from poison.
   It lets you see invisible.
Jewellery
 o - a +3 ring of intelligence (left hand)
 r - a +3 ring of dexterity (right hand)
 y - an uncursed ring of fire
 I - a +5 amulet of reflection
Scrolls
 i - 2 scrolls of blinking
 k - 4 scrolls of remove curse
 l - a scroll of summoning
 v - 2 scrolls of identify
 w - 2 scrolls of fog
 x - 2 scrolls of enchant weapon
 H - a scroll of magic mapping
Potions
 a - 2 potions of invisibility
 d - 9 potions of curing
 e - 7 potions of heal wounds
 f - 5 potions of haste
 g - 4 potions of magic
 h - 3 potions of berserk rage
 q - 3 potions of agility
 s - a potion of might
 z - a potion of brilliance
 A - a potion of resistance
Books
 B - a book of Minor Magic

   Spells                             Type                      Level
   a - Magic Dart                     Conjuration                  1
   b - Blink                          Translocation                2
   c - Call Imp                       Summoning                    2
   d - Slow                           Hexes                        2
   e - Conjure Flame                  Conjuration/Fire             3
   f - Mephitic Cloud                 Conjuration/Poison/Air       3
   Trog disapproves of the use of such an item.
 J - a Necronomicon

   Spells                             Type                      Level
   a - Haunt                          Necromancy/Summoning         7
   b - Borgnjor's Revivification      Necromancy                   8
   c - Death's Door                   Charms/Necromancy            8
   d - Infestation                    Necromancy                   8
   e - Necromutation                  Transmutation/Necromancy     8
   Trog disapproves of the use of such an item.
Comestibles
 c - 6 rations


   Skills:
 + Level 17.7 Fighting
 + Level 21.3 Axes
 + Level 16.6 Armour
 + Level 6.8 Dodging
 + Level 2.9 Stealth


You had 12 spell levels left.
You didn't know any spells.

Dungeon Overview and Level Annotations

Branches:
Dungeon (1/1)

Altars:

Annotations:
D Sonja


Innate Abilities, Weirdness & Mutations

You are resistant to torment.
Your stone body is resilient. (AC +9)
You are immune to poison.
You resist negative energy. (rN+)
You are resistant to electric shocks. (rElec)
You can survive without breathing.
You are immune to petrification.
You are immune to rotting.


Message History

The angel is lightly wounded.
You slice the floating eye!!
You feel the power of Trog in you as your rage grows.
You kill the floating eye!
Trog accepts your kill. Something appears at your feet!
Trog grants you a weapon!
The angel hits you with a sacred scourge of holy wrath!
* * * LOW HITPOINT WARNING * * *
The angel hits you but does no damage. The harpy closely misses you.
The harpy claws you.
* * * LOW HITPOINT WARNING * * *
You slash the angel!
The angel is moderately wounded.
You chop the harpy into pieces!!!
You kill the harpy!
Trog accepts your kill. The angel barely misses you.
The angel hits you but does no damage.
The alligator snapping turtle bites you from afar!!
You die...

+..........#
#..........#
#############..#....#..#
...........''..........#
...........''..........#
#########..##..#....#..#
#.#.#.#.#..##..........+
.#=#.#.##..##...(......+
#.#|#(#.#..####'@####++#
|#)#.#.##..# #dA#
#++##########
#)#.#.#.#..# ..t..
#.....)......
#########..##.#'##.
#...(........
..÷).......##.#H
.##..##########
.(÷.÷......## '" ##..#
''########## #% #..#
''########## ': #..#
.......##..# #..#


You could see an alligator snapping turtle, an angel, a white draconian and a
harpy.

Vanquished Creatures
  A bone dragon (D)
  A vampire knight (D)
  A merfolk javelineer (D)
  A minotaur (D)
  2 centaur warriors (D)
  5 death yaks (D)
  A two-headed ogre (D)
  A vampire mage (D)
  A shadow wraith (D)
  An unseen horror (D)
  A phantasmal warrior (D)
  Pikel (D)
  A swamp dragon (D)
  A lindwurm (D)
  4 harpies (D)
  An orc sorcerer (D)
  A cyclops (D)
  A molten gargoyle (D)
  2 spiny frogs (D)
  An orange demon (D)
  A kobold demonologist (D)
  An efreet (D)
  A merfolk (D)
  A wandering mushroom (D)
  A tyrant leech (D)
  A hornet (D)
  A wind drake (D)
  3 blink frogs (D)
  2 shadows (D)
  A redback (D)
  A golden eye (D)
  A steam dragon (D)
  A floating eye (D)
  A porcupine (D)
  A necrophage (D)
  An ogre (D)
  A centaur (D)
  A wolf (D)
  A bullfrog (D)
  3 big kobolds (D)
  5 killer bees (D)
  A quasit (D)
  A gnoll shaman (D)
  A hound (D)
  An iguana (D)
  A hell rat (D)
  3 gnolls (D)
  2 adders (D)
  An ufetubus (D)
  2 oozes (D)
  An adder skeleton (D)
  An adder zombie (D)
  A leopard gecko (D)
  A bat skeleton (D)
  A giant cockroach (D)
  4 jackals (D)
  4 kobolds (D)
  2 quokkas (D)
  A frilled lizard (D)
  A rat (D)
89 creatures vanquished.

Vanquished Creatures (collateral kills)
  A bone dragon (D)
  An Executioner (D)
  Snorg (D)
  A great orb of eyes (D)
  A centaur warrior (D)
  8 elephants (D)
  Joseph (D)
  A spiny frog (D)
  An efreet (D)
  A komodo dragon (D)
  A demonic crawler (D)
  2 ice devils (D)
  3 merfolk (D)
  A polar bear (D)
  A hornet (D)
  2 bog bodies (D)
  2 spriggans (D)
  A basilisk (D)
  3 vampire mosquitoes (D)
  2 neqoxecs (D)
  A soldier ant (D)
  An earth elemental (D)
  A gnoll (D)
  An adder simulacrum (D)
  A giant cockroach (D)
  A frilled lizard (D)
41 creatures vanquished.

Vanquished Creatures (others)
  4 slaves (D)
  A gnoll (D)
5 creatures vanquished.

Grand Total: 135 creatures vanquished

Notes
Turn   | Place    | Note
-------+----------+-------------------------------------------
     0 | D        | Fang the Gargoyle Berserker began the quest for the Orb.
     0 | D        | Reached XP level 1. HP: 14/14 MP: 1/1
    17 | D        | Reached skill level 3 in Axes
   114 | D        | Reached XP level 2. HP: 19/20 MP: 2/2
   124 | D        | Reached ** piety under Trog
   131 | D        | Reached *** piety under Trog
   133 | D        | Reached skill level 4 in Axes
   146 | D        | Reached skill level 5 in Fighting
   146 | D        | Reached XP level 3. HP: 17/26 MP: 3/3
   151 | D        | Reached **** piety under Trog
   436 | D        | Noticed a necrophage
   449 | D        | Reached skill level 5 in Axes
   449 | D        | Reached XP level 4. HP: 28/32 MP: 4/4
   450 | D        | Killed a necrophage
   450 | D        | Reached skill level 7 in Axes
   450 | D        | Reached XP level 5. HP: 34/38 MP: 5/5
   453 | D        | Reached ***** piety under Trog
   604 | D        | Noticed an ogre
   610 | D        | Killed an ogre
   610 | D        | Received a gift from Trog
   610 | D        | Reached skill level 8 in Axes
   610 | D        | Reached XP level 6. HP: 43/44 MP: 6/6
   628 | D        | Reached skill level 9 in Axes
   628 | D        | Reached skill level 5 in Armour
   636 | D        | Reached XP level 7. HP: 29/51 MP: 7/7
   752 | D        | Noticed a death yak
   752 | D        | Noticed a spiny frog
   755 | D        | Reached skill level 10 in Axes
   760 | D        | Killed a death yak
   760 | D        | Reached skill level 10 in Fighting
   760 | D        | Reached skill level 12 in Axes
   760 | D        | Reached skill level 5 in Dodging
   760 | D        | Reached XP level 8. HP: 48/58 MP: 8/8
   762 | D        | Killed a spiny frog
  1109 | D        | Noticed Pikel
  1110 | D        | Noticed a swamp dragon
  1117 | D        | Killed Pikel
  1117 | D        | Reached skill level 13 in Axes
  1117 | D        | Reached XP level 9. HP: 64/64 MP: 9/9
  1125 | D        | Killed a swamp dragon
  1129 | D        | Killed a shadow wraith
  1129 | D        | Reached skill level 14 in Axes
  1420 | D        | Noticed a harpy
  1420 | D        | Noticed a harpy
  1421 | D        | Noticed a harpy
  1422 | D        | Noticed a hornet
  1423 | D        | Noticed a phantasmal warrior
  1427 | D        | Killed a phantasmal warrior
  1427 | D        | Received a gift from Trog
  1427 | D        | Reached skill level 10 in Armour
  1427 | D        | Reached XP level 10. HP: 47/71 MP: 10/10
  1428 | D        | Killed a harpy
  1428 | D        | Reached ****** piety under Trog
  1429 | D        | Reached skill level 15 in Axes
  1429 | D        | Killed a harpy
  1434 | D        | Killed a harpy
  1434 | D        | Reached skill level 1 in Stealth
  1667 | D        | Noticed an orc sorcerer
  1668 | D        | Noticed a rust devil
  1673 | D        | Received a gift from Trog
  1675 | D        | Killed an orc sorcerer
  1678 | D        | Reached skill level 16 in Axes
  1686 | D        | Received a gift from Trog
  1820 | D        | Noticed a minotaur
  1823 | D        | Reached XP level 11. HP: 67/79 MP: 11/11
  1826 | D        | Killed a minotaur
  1855 | D        | Killed an unseen horror
  1855 | D        | Received a gift from Trog
  2057 | D        | Noticed Joseph
  2060 | D        | Reached skill level 17 in Axes
  2062 | D        | Received a gift from Trog
  2068 | D        | Killed Joseph
  2287 | D        | Noticed a two-headed ogre
  2291 | D        | Killed a two-headed ogre
  2302 | D        | Noticed a death yak
  2302 | D        | Noticed a death yak
  2302 | D        | Noticed a death yak
  2304 | D        | Noticed a death yak
  2305 | D        | Received a gift from Trog
  2308 | D        | Killed a death yak
  2308 | D        | Reached skill level 15 in Fighting
  2309 | D        | Killed a death yak
  2309 | D        | Reached skill level 18 in Axes
  2314 | D        | Killed a death yak
  2320 | D        | Killed a death yak
  2320 | D        | Reached XP level 12. HP: 88/88 MP: 12/12
  2324 | D        | Received a gift from Trog
  2458 | D        | Noticed a centaur warrior
  2470 | D        | Killed a centaur warrior
  2687 | D        | Noticed a bone dragon
  2704 | D        | Killed a bone dragon
  2704 | D        | Reached skill level 19 in Axes
  2991 | D        | Noticed a vampire mage
  2992 | D        | Noticed a jiangshi
  3001 | D        | Killed a vampire mage
  3175 | D        | Reached skill level 15 in Armour
  3318 | D        | Noticed an Executioner
  3324 | D        | Killed an Executioner
  3324 | D        | Received a gift from Trog
  3324 | D        | Reached skill level 20 in Axes
  3409 | D        | Noticed a great orb of eyes
  3409 | D        | Noticed a merfolk javelineer
  3415 | D        | Received a gift from Trog
  3419 | D        | Killed a great orb of eyes
  3428 | D        | Killed a merfolk javelineer
  3428 | D        | Received a gift from Trog
  3435 | D        | Noticed a centaur warrior
  3436 | D        | Noticed Snorg
  3436 | D        | Killed a centaur warrior
  3436 | D        | Reached XP level 13. HP: 64/96 MP: 13/13
  3441 | D        | Killed Snorg
  3441 | D        | Received a gift from Trog
  3444 | D        | Noticed a bone dragon
  3444 | D        | Noticed Sonja
  3471 | D        | Received a gift from Trog
  3471 | D        | Killed a bone dragon
  3473 | D        | Reached skill level 21 in Axes
  3490 | D        | Received a gift from Trog
  3644 | D        | Got the cursed +1 ring mail "Mykecset" {rPois Str+3 SInv}
  3827 | D        | Noticed a vampire knight
  3827 | D        | Noticed a white draconian
  3827 | D        | Noticed an angel
  3835 | D        | Killed a vampire knight
  3838 | D        | Received a gift from Trog
  3838 | D        | HP: 6/145 [angel/sacred scourge of holy wrath (11)]
  3838 | D        | HP: 1/145 [harpy (5)]
  3839 | D        | Demolished by an alligator snapping turtle

Skill      XL: |  1  2  3  4  5  6  7  8  9 10 11 12 13 |
---------------+----------------------------------------+-----
Fighting       | 4 5 7 8 9 10 11 12 13 15 17 | 17.7
Axes           | 3 4 5 7 8 9 12 13 14 16 18 20 21 | 21.3
Dodging        | 2 3 4 5 6 |  6.8
Armour         | 3 4 5 7 8 10 12 14 15 16 | 16.6
Stealth        | 1 2 |  2.9

Action                   |  1- 3 |  4- 6 |  7- 9 | 10-12 | 13-15 || total
-------------------------+-------+-------+-------+-------+-------++-------
Melee: Hand axe          |    37 |    22 |       |       |       ||    59
       Battleaxe         |       |    18 |    28 |    28 |       ||    74
       Executioner's axe |       |       |       |   104 |    34 ||   138
Invok: Berserk           |     1 |       |     3 |     4 |     1 ||     9
       Brothers in Arms  |       |       |       |     4 |     2 ||     6
  Use: Potion            |       |       |       |       |     3 ||     3
       Scroll            |       |       |       |       |     1 ||     1
  Eat: Ration            |       |       |     1 |     2 |       ||     3
       Chunk             |       |       |     1 |     7 |       ||     8
Armor: Animal skin       |     6 |       |       |       |       ||     6
       Chain mail        |    11 |    20 |     2 |       |       ||    33
       Plate armour      |       |       |    33 |   179 |    64 ||   276
       Ring mail         |       |       |       |       |    10 ||    10
Dodge: Dodged            |    28 |    24 |    26 |    86 |    37 ||   201
